Map: Automaton LE

Players

Neeb - Winner!

  • Race: Protoss Protoss
  • League: Grandmaster
  • Spawn Location: 3:00

JimRising

  • Race: Zerg Zerg
  • League: Grandmaster
  • Spawn Location: 9:00

Event: 2019 WCS Winter Americas

VOD

Have the link to the VOD?

Description

Time

  • Played on: Feb. 3, 2019, 12:56 p.m.
  • Length: 20:30

All games in this series

Show
View Real Time Build Order
Export as new Build Order

Neeb Protoss - Winner!

Build Orders: 1 Gate Expand, Oracle Opening, Phoenix Opening, Zealot Archon, Archon Drop 

Get SALT Encoding   

  12  0:00  Probe  
  13  0:12  Probe  
  14  0:18  Pylon  
  14  0:24  Probe  
  15  0:32  Probe  
  15  0:38  Gateway  
  15  0:40  Probe  
  16  0:49  Assimilator  
  17  0:51  Probe  
  18  1:03  Probe  
  19  1:15  Probe  
  20  1:25  Nexus  
  20  1:35  Cybernetics Core  
  20  1:38  Probe  
  21  1:46  Assimilator  
  21  1:51  Probe  
  21  1:53  Pylon  
  22  2:00  Probe  
  22  2:02  Adept  
  23  2:08  Probe  
  26  2:17  Probe  
  26  2:21  Stargate  
  27  2:26  Adept  
  27  2:29  Probe  
  30  2:37  Warp Gate  
  30  2:38  Probe  
  30  2:43  Probe  
  32  2:50  Probe  
  33  2:53  Adept  
  33  2:55  Probe  
  33  2:57  Phoenix  
  36  3:02  Probe  
  37  3:07  Probe  
  40  3:14  Probe, Pylon  
  40  3:19  Probe  
  42  3:26  Probe  
  42  3:27  Oracle  
  46  3:32  Probe  
  46  3:33  Assimilator  
  46  3:34  Assimilator  
  46  3:41  Probe  
  46  3:43  Gateway  
  46  3:46  Probe  
  47  3:53  Probe  
  48  3:58  Probe, Robotics Facility  
  48  3:59  Pylon  
  49  4:05  Probe  
  49  4:07  Shield Battery  
  50  4:10  Probe  
  50  4:14  Twilight Council  
  51  4:17  Probe  
  51  4:22  Probe, Pylon  
  53  4:28  Gateway  
  53  4:30  Gateway  
  53  4:33  Zealot  
  53  4:37  Charge  
  55  4:39  Warp Prism  
  55  4:42  Gateway  
  55  4:45  Gateway  
  55  4:51  Templar Archives  
  57  4:57  Probe  
  58  5:04  Zealot x2  
  62  5:17  Nexus  
  62  5:20  Pylon  
  62  5:29  High Templar, Pylon  
  62  5:30  High Templar x3  
  70  5:40  Archon  
  70  5:41  Archon  
  70  5:45  Zealot x2  
  70  5:46  Shield Battery  
  70  6:02  Zealot  
  70  6:03  Zealot x3  
  78  6:23  High Templar x2  
  74  6:26  Zealot x2  
  74  6:27  Archon  
  74  6:30  Probe  
  74  6:32  Probe  
  80  6:35  Pylon  
  80  6:47  Probe x2  
  80  6:48  Probe  
  83  6:57  Zealot x4, High Templar x2  
  83  6:59  Probe  
  83  7:00  Probe  
  97  7:01  Archon  
  97  7:04  Probe  
  97  7:07  Forge  
  98  7:12  Probe x2, Pylon x2  
  100  7:16  Probe  
  100  7:21  Observer  
  98  7:24  Probe  
  98  7:25  Zealot x3  
  98  7:26  Zealot  
  98  7:29  Protoss Ground Weapons Level 1  
  89  7:32  Zealot x2  
  89  7:36  Probe x3  
  76  7:42  Warp Prism  
  78  7:47  Probe x3  
  81  7:52  High Templar x2  
  81  7:55  Probe x3  
  81  7:56  Assimilator  
  81  7:58  Psionic Storm  
  85  8:01  Assimilator, High Templar  
  85  8:03  Probe x2  
  90  8:06  Probe  
  93  8:13  Pylon  
  93  8:15  Probe  
  93  8:18  Probe  
  93  8:19  Zealot, High Templar  
  99  8:29  Probe  
  99  8:31  Archon  
  99  8:32  Zealot  
  99  8:33  Zealot, High Templar  
  96  8:41  Probe  
  97  8:45  Gateway  
  97  8:46  Immortal, High Templar x2  
  97  8:47  Gateway  
  99  8:49  Pylon  
  99  8:54  Pylon  
  103  8:56  Zealot x2  
  103  8:58  Protoss Ground Weapons Level 2  
  107  9:02  High Templar  
  107  9:08  Photon Cannon  
  109  9:11  Nexus  
  109  9:13  High Templar  
  111  9:18  Probe x2  
  111  9:20  Zealot x2  
  111  9:21  Zealot  
  119  9:24  Zealot  
  119  9:36  Zealot  
  115  9:40  Probe x2  
  115  9:42  High Templar, Probe  
  115  9:43  High Templar  
  120  9:49  Pylon  
  120  9:52  Probe  
  121  9:53  Probe  
  121  9:54  Zealot  
  121  9:55  Zealot x2  
  128  10:03  Photon Cannon  
  128  10:04  Immortal, Shield Battery  
  128  10:05  Photon Cannon  
  132  10:18  Zealot x2, High Templar x2  
  140  10:23  Archon  
  140  10:35  Assimilator  
  140  10:36  Pylon  
  140  10:38  Zealot x2, Assimilator, High Templar x2  
  140  10:41  Photon Cannon  
  140  10:42  Immortal, Shield Battery, Archon  
  149  10:51  Pylon  
  149  10:53  Probe  
  149  10:54  Probe x2  
  152  10:57  Probe  
  152  11:01  Zealot x4, High Templar x2  
  165  11:15  Nexus, Archon  
  165  11:16  Zealot  
  165  11:17  Zealot  
  167  11:22  Immortal  
  167  11:24  Protoss Ground Weapons Level 3  
  171  11:27  Blink  
  169  11:32  High Templar  
  169  11:33  Zealot, High Templar x3  
  169  11:35  Pylon  
  169  11:38  Archon x2  
  177  11:57  Immortal  
  177  11:58  Zealot x4  
  151  12:12  Archon x2  
  135  12:19  Zealot x4  
  135  12:20  Zealot x4  
  135  12:28  Immortal  
  119  12:40  Zealot x7  
  119  12:41  Zealot  
  87  13:01  High Templar, Robotics Facility  
  87  13:02  High Templar x6, Gateway  
  87  13:03  Gateway  
  87  13:04  Immortal  
  97  13:06  Gateway, Archon  
  97  13:07  Archon  
  97  13:12  Gateway  
  101  13:16  Zealot  
  102  13:34  Zealot x6  
  88  13:38  Zealot x2, Probe  
  88  13:39  Probe  
  88  13:40  Probe  
  88  13:41  Probe  
  94  13:43  Immortal, Probe  
  94  13:46  Probe  
  94  13:48  Probe x2  
  100  13:49  Probe  
  100  13:51  Probe  
  100  13:54  High Templar x2, Probe  
  100  13:55  High Templar x3  
  115  13:57  Probe  
  115  13:59  High Templar, Archon x2  
  115  14:00  Probe  
  119  14:05  Probe  
  119  14:06  Probe x2  
  123  14:10  Probe  
  123  14:12  Immortal, Probe  
  123  14:13  Protoss Shields Level 1  
  121  14:17  Probe  
  121  14:18  High Templar x2  
  121  14:20  High Templar  
  133  14:25  Probe x3  
  133  14:28  Zealot  
  133  14:31  Zealot x2  
  139  14:36  Zealot x2  
  140  14:40  Zealot  
  140  14:43  Zealot  
  133  14:48  Zealot x2  
  133  14:50  Probe  
  131  14:58  Probe  
  130  15:00  Observer  
  130  15:02  High Templar x4  
  130  15:03  High Templar x2  
  142  15:08  Archon x2  
  142  15:09  Archon  
  142  15:11  Zealot x2  
  142  15:12  High Templar x2  
  142  15:14  Zealot  
  152  15:17  Archon  
  152  15:19  Observer  
  149  15:42  Archon  
  125  15:43  Archon  
  125  15:45  Zealot x5  
  125  15:46  Zealot x7  
  125  15:49  Immortal  
  123  16:10  Zealot x9  
  127  16:13  High Templar x2  
  127  16:16  High Templar  
  127  16:33  Immortal  
  127  16:34  Immortal  
  127  16:36  High Templar x2  
  127  16:37  High Templar x3  
  113  16:55  Nexus  
  113  17:01  Zealot  
  113  17:03  High Templar x2  
  113  17:08  Immortal  
  113  17:09  Pylon  
  113  17:11  Zealot x6  
  129  17:15  Photon Cannon  
  129  17:20  Archon  
  129  17:21  Zealot  
  129  17:22  Zealot x2  
  135  17:27  Zealot  
  125  17:31  Zealot  
  125  17:32  Zealot x2  
  125  17:37  Zealot x3  
  124  17:42  Probe  
  124  17:43  Probe  
  122  17:46  Immortal, Probe x2  
  122  17:47  Observer  
  122  17:48  High Templar x2  
  122  17:49  High Templar x2  
  130  17:52  Probe  
  130  17:53  Archon x2  
  130  17:54  Immortal  
  130  17:55  Protoss Shields Level 2  
  139  18:13  Zealot  
  139  18:15  Immortal  
  139  18:19  Photon Cannon  
  145  18:36  Assimilator  
  145  18:37  Assimilator  
  145  18:40  Zealot x5, High Templar x2  
  159  18:44  Archon  
  157  19:15  High Templar x3  
  157  19:16  High Templar  
  159  19:17  Zealot x6  
  159  19:19  Zealot x2  
  159  19:20  Archon x2  
  161  19:35  Immortal  
  161  19:36  Immortal  
  130  19:41  Observer  
  122  19:50  Zealot, High Templar x2  
  122  19:51  Zealot x9  
  148  19:56  Archon  
  128  20:20  Zealot x10  
Show
View Real Time Build Order
Export as new Build Order

JimRising Zerg 

Build Orders: Hatch First 

Get SALT Encoding   

  12  0:00  Drone  
  13  0:12  Overlord  
  13  0:18  Drone  
  14  0:31  Drone  
  14  0:32  Drone  
  16  0:36  Drone  
  17  0:55  Hatchery  
  16  0:59  Drone  
  16  1:00  Drone  
  16  1:03  Extractor  
  17  1:17  Spawning Pool  
  16  1:20  Drone  
  16  1:24  Drone  
  18  1:28  Drone  
  19  1:42  Overlord  
  19  1:55  Drone  
  20  2:04  Metabolic Boost, Queen  
  20  2:08  Queen  
  24  2:12  Drone  
  25  2:16  Drone  
  25  2:19  Zergling x2  
  27  2:40  Drone  
  27  2:41  Drone  
  29  2:48  Drone x2  
  29  2:51  Hatchery, Drone  
  32  2:57  Drone x2  
  33  3:00  Overlord  
  33  3:05  Zergling x2  
  34  3:11  Zergling x2  
  35  3:13  Zergling x2  
  36  3:24  Overlord  
  36  3:27  Drone x6  
  39  3:32  Evolution Chamber  
  41  3:35  Queen  
  42  3:43  Overlord  
  42  3:46  Overlord  
  42  3:50  Spore Crawler, Drone  
  42  3:51  Overlord  
  42  3:58  Zerg Melee Weapons Level 1  
  42  4:01  Queen  
  44  4:05  Zergling x6  
  46  4:14  Drone  
  46  4:15  Drone x4  
  51  4:20  Queen  
  53  4:26  Drone  
  53  4:27  Drone x2  
  53  4:28  Drone x2  
  58  4:34  Spore Crawler  
  58  4:36  Spore Crawler  
  58  4:37  Overlord  
  54  4:39  Drone  
  54  4:45  Drone  
  54  4:46  Drone x2  
  54  4:51  Overlord  
  54  4:52  Drone x2  
  59  4:56  Queen  
  59  4:58  Drone  
  62  5:00  Drone  
  62  5:03  Drone  
  63  5:10  Zergling x14  
  68  5:22  Drone x4  
  68  5:23  Drone  
  68  5:24  Lair  
  73  5:31  Zergling x12  
  73  5:32  Zergling x4  
  80  5:42  Overlord  
  80  5:45  Overlord, Drone  
  80  5:46  Extractor x2  
  80  5:48  Overlord, Zergling x4  
  81  6:02  Zergling x6  
  81  6:03  Queen x2, Zergling x2  
  89  6:06  Baneling Nest  
  81  6:14  Zergling x6  
  81  6:15  Zergling x4  
  81  6:17  Zergling x6  
  79  6:29  Extractor, Drone x3  
  79  6:30  Drone x2, Zerg Melee Weapons Level 2  
  83  6:34  Hatchery  
  83  6:35  Zergling x6  
  83  6:38  Zergling x2  
  83  6:39  Zergling x6  
  88  6:42  Drone  
  88  6:46  Hatchery  
  88  6:51  Baneling x2  
  88  6:52  Zergling x4  
  88  6:53  Zergling x2  
  91  6:59  Overlord  
  91  7:00  Overlord  
  91  7:06  Zergling x14  
  91  7:07  Baneling x4  
  91  7:08  Baneling x2  
  96  7:14  Drone x3  
  99  7:16  Zergling x2  
  99  7:17  Zergling x4  
  100  7:27  Zergling x6  
  91  7:34  Zergling x10  
  84  7:39  Drone x3  
  84  7:41  Evolution Chamber  
  86  7:54  Overlord  
  86  7:57  Drone  
  87  7:59  Extractor, Drone x2  
  87  8:00  Drone x6  
  87  8:01  Extractor  
  87  8:02  Baneling  
  87  8:03  Baneling x4  
  93  8:11  Zerg Ground Armor Level 1  
  93  8:12  Drone  
  94  8:13  Hydralisk Den  
  94  8:14  Overlord  
  94  8:15  Drone x6  
  94  8:17  Zergling x6, Drone  
  94  8:18  Zergling x4  
  99  8:39  Drone x3  
  101  8:45  Hydralisk x2  
  101  8:46  Hydralisk x9, Grooved Spines  
  123  8:59  Overlord, Zergling x2  
  123  9:01  Zergling x12, Zerg Missile Weapons Level 1  
  123  9:02  Zergling x6  
  133  9:09  Baneling  
  133  9:10  Baneling x4  
  131  9:20  Zergling x22  
  131  9:21  Zergling x8  
  144  9:25  Hydralisk x2  
  144  9:26  Hydralisk  
  148  9:32  Infestation Pit  
  148  9:35  Centrifical Hooks, Overseer  
  143  9:43  Baneling x2  
  143  9:44  Baneling x5  
  142  9:54  Drone  
  142  9:55  Drone x2  
  142  9:57  Baneling, Extractor  
  142  9:58  Baneling x2, Spore Crawler, Extractor  
  142  10:06  Baneling  
  142  10:07  Baneling x5  
  142  10:08  Drone x4  
  142  10:09  Overlord x2, Drone x2  
  148  10:19  Zergling x10, Hive  
  148  10:20  Zergling x10  
  158  10:25  Hatchery  
  157  10:31  Hydralisk x5  
  157  10:32  Hydralisk x2  
  171  10:40  Baneling  
  171  10:41  Baneling  
  171  10:50  Pathogen Glands  
  171  10:56  Muscular Augments  
  171  10:57  Overlord x3  
  171  11:14  Zerg Ground Armor Level 2  
  169  11:23  Overlord, Zergling x2  
  169  11:24  Overlord  
  169  11:30  Adrenal Glands  
  169  11:33  Infestor x3  
  169  11:36  Ultralisk Cavern  
  174  11:43  Baneling x3  
  174  11:44  Baneling x2  
  174  11:45  Zergling x2  
  174  11:46  Extractor  
  174  11:47  Zergling x20  
  175  11:48  Extractor, Zergling x22  
  186  11:57  Hydralisk x3  
  186  11:58  Hydralisk x5  
  140  12:16  Hydralisk  
  140  12:17  Hydralisk x9  
  140  12:21  Zergling x16  
  137  12:23  Hydralisk  
  137  12:24  Zergling x2  
  134  12:31  Zergling x8  
  134  12:34  Zergling x2  
  134  12:35  Zergling x2  
  132  12:38  Zergling x4  
  132  12:39  Hydralisk x2, Zergling x4  
  132  12:43  Zergling x6  
  132  12:47  Zergling x4  
  132  12:48  Zergling x4  
  132  12:49  Zergling x2  
  122  12:53  Zergling x2  
  122  12:54  Zergling x4  
  117  13:08  Zerg Melee Weapons Level 3  
  116  13:24  Extractor  
  116  13:25  Hatchery  
  116  13:26  Zergling x2  
  111  13:27  Zergling x22  
  111  13:29  Extractor  
  111  13:48  Queen  
  111  13:52  Infestor x4  
  111  13:53  Neural Parasite  
  121  13:56  Zerg Ground Armor Level 3  
  121  13:58  Drone x2  
  121  14:01  Baneling x7  
  121  14:02  Baneling x2  
  123  14:05  Hatchery  
  123  14:07  Ultralisk  
  126  14:22  Ultralisk x2  
  126  14:24  Chitinous Plating  
  128  14:41  Ultralisk  
  128  14:42  Zergling x8  
  128  14:43  Zergling x6  
  126  14:54  Zergling x2  
  126  14:55  Zergling x20  
  133  15:04  Baneling  
  133  15:05  Baneling x3  
  133  15:06  Baneling x5  
  133  15:07  Baneling  
  133  15:11  Zergling x10  
  138  15:17  Drone  
  138  15:19  Drone  
  138  15:20  Drone x2  
  138  15:30  Zergling x2  
  138  15:31  Zergling x28  
  147  15:41  Zergling x10  
  125  15:43  Zergling x2  
  125  15:44  Zergling x4  
  112  15:53  Zergling x2  
  112  15:54  Ultralisk x2  
  116  15:59  Zergling x12  
  116  16:00  Zergling x2  
  116  16:02  Zergling x6  
  120  16:06  Zergling x4  
  120  16:07  Zergling x4  
  112  16:13  Ultralisk  
  112  16:17  Baneling x2  
  112  16:18  Baneling x5  
  104  16:31  Ultralisk  
  97  16:39  Ultralisk, Zergling x2  
  92  16:40  Zergling x2  
  85  16:47  Drone x4  
  85  16:50  Drone x2  
  85  16:53  Drone  
  85  17:03  Drone x2  
  85  17:04  Drone x2  
  89  17:10  Infestor  
  89  17:12  Infestor  
  93  17:16  Drone  
  93  17:36  Ultralisk  
  88  17:45  Infestor x2  
  88  17:46  Zergling x2  
  88  17:47  Zergling x4  
  88  17:48  Infestor  
  88  17:49  Infestor x2  
  88  17:50  Drone  
  99  18:05  Burrow  
  99  18:10  Infestor  
  99  18:11  Zergling x6  
  104  18:13  Baneling x3  
  104  18:14  Hatchery, Baneling  
  104  18:15  Baneling  
  104  18:16  Baneling  
  103  18:22  Hydralisk, Overseer  
  103  18:25  Zergling x4  
  107  18:31  Drone x2  
  109  18:45  Baneling x6  
  109  18:46  Hydralisk x2  
  109  18:47  Drone x2  
  115  18:55  Drone x3  
  118  19:00  Ultralisk  
  130  19:02  Ultralisk  
  125  19:19  Ultralisk x2  
  125  19:20  Zergling x2  
  122  19:35  Ultralisk  
  99  19:48  Ultralisk, Drone  
  99  19:49  Drone x2  
  99  19:50  Zergling x4  
  99  19:51  Zergling x4  
  112  19:58  Drone  
  117  20:07  Drone x2  
  117  20:08  Drone x2  
  117  20:09  Drone  
Tags
 
Add a new tag
Caveats
  • Supply blocks, unpowered buildings, or Contaminate may cause inaccurate times.
  • Supply counts are checked every 10 seconds.